Cogmind - Beta 12 X4 @@@ ROGUE MODE // 2022.12.04 @ 19:21:35 Player: Jezoensis Result: Destroyed by G-73 Enforcer with Heavy Laser Performance ------------- Evolutions (8) 4000 Regions Visited (28) 5600 Robots Destroyed (451) 2255 Value Destroyed (22007) 22007 Prototype IDs (65) 1300 Alien Tech Used (4) 800 Bonus (18059) 18059 TOTAL SCORE: 54021 Bonus ------- Triggered High Security 500 High Alert Combat Kills 8213 Follower Combat Kills 2396 Network Hubs Disabled 200 Met Imprinter 300 Was Imprinted 300 Met Zhirov 300 Built Enhanced Grunts 300 A7 Reached Mainframe 300 Met R17 at Cetus 500 Found Hidden Lab 3000 Scanned by Researcher 500 Acquired SGEMP 2000 Friendly Fire -750 Cogmind --------- Core Integrity 0/1450 Matter 300/300 Energy 100/100 System Corruption 58% Temperature Cool (8) Movement Core (50) Location -2/Research Parts ------- > --- POWER (2) -------- (None) > --- PROPULSION (4) --- (None) > --- UTILITY (12) ----- (None) > --- WEAPON (6) ------- (None) > --- INVENTORY (5) ---- Experimental Matter Compressor (500) Advanced Focal Shield Long-range Tractor Beam SGEMP Prototype Peak State ------------ > --- POWER ------------ Quantum Reactor Light Quantum Reactor > --- PROPULSION ------- Armored Heavy Treads Armored Heavy Treads > --- UTILITY ---------- Experimental Cooling System High-capacity Storage Unit Experimental Optical Array Makeshift Terrain Scan Processor Advanced Salvage Targeting Computer Experimental Targeting Computer Experimental Target Analyzer Experimental Core Analyzer Experimental Core Analyzer Weapon Cycler Improved Transmission Jammer AEGIS Remote Shield > --- WEAPON ----------- KE Penetrator KE Penetrator Railgun Advanced KE Penetrator Advanced KE Penetrator Advanced KE Penetrator > --- INVENTORY -------- Quantum Reactor Advanced Heat Sink Energy Well Experimental Matter Compressor Advanced Sensor Array Long-range Terrain Scanner Improved Armor Integrity Analyzer Makeshift Transmission Jammer Advanced Focal Shield Long-range Tractor Beam Enhanced Nova Cannon Heavy Machine Gun Railgun Helical Railgun Helical Railgun Impact Mace SGEMP Prototype [Rating: 188] Favorites ----------- Power Quantum Reactor Engine Improved Deuterium Engine Power Core Light Nuclear Core Reactor Quantum Reactor Propulsion Armored Treads Treads Armored Treads Wheel Wheel Utility High-capacity Storage Unit Device Makeshift Sensor Array Storage High-capacity Storage Unit Processor Makeshift Terrain Scan Processor Hackware System Shield Protection Improved Utility Shielding Weapon KE Penetrator Energy Gun Lightning Gun Energy Cannon Beam Cannon Ballistic Gun KE Penetrator Ballistic Cannon Light Cannon Launcher Mini Grenade Launcher Special Weapon Mining Laser Impact Weapon Impact Mace Build | -11 -10 -10 -9 -9 -9 -8 -8 -7 -7 -7 -7 -6 -6 -6 -6 -6 -6 -5 -5 -5 -5 -4 -4 -4 -4 -3 -3 -2 ------- Run | Scr Mat Min Mat Min Exi Min Mat Fac Low Low Zio Pro Fac Ext Cet Arc Hub Fac Upp Upp Zhi Pro Fac Arm Lab Res Tes Res Slots Evolved 16 | . . . 2 . . . 2 2 . . . . 2 . . . . 2 . . . . 2 . . 2 . 2 Power 1 | . . . . . . . . . . . . . . . . . . . . . . . . . . . . 1 Propulsion 2 | . . . 1 . . . . 1 . . . . . . . . . . . . . . . . . . . . Utility 10 | . . . 1 . . . 1 1 . . . . 2 . . . . 1 . . . . 1 . . 2 . 1 Weapon 3 | . . . . . . . 1 . . . . . . . . . . 1 . . . . 1 . . . . . Parts Attached 879 | 8 24 3 11 12 . 17 65 44 19 12 5 12 45 53 30 6 37 18 5 20 6 22 44 57 7 40 94 163 Power 38 | 1 2 . 1 1 . 2 2 2 . 1 . . 2 . 4 . 1 1 . . 2 . 2 1 . . 3 10 Engine 11 | 1 2 . 1 . . 1 2 2 . 1 . . 1 . . . . . . . . . . . . . . . Core 2 | . . . . 1 . 1 . . . . . . . . . . . . . . . . . . . . . . Reactor 25 | . . . . . . . . . . . . . 1 . 4 . 1 1 . . 2 . 2 1 . . 3 10 Propulsion 95 | 3 6 . 5 5 . 9 14 8 3 . . . 7 9 5 1 3 . . . . . 2 2 . 1 4 8 Treads 67 | . 2 . 3 3 . 3 8 3 3 . . . 7 9 5 1 3 . . . . . 2 2 . 1 4 8 Leg . | . . . . . . . . . . . . . . . . . . . . . . . . . . . . . Wheel 28 | 3 4 . 2 2 . 6 6 5 . . . . . . . . . . . . . . . . . . . . Hover . | . . . . . . . . . . . . . . . . . . . . . . . . . . . . . Flight . | . . . . . . . . . . . . . . . . . . . . . . . . . . . . . Utility 500 | 2 5 2 5 4 . 1 27 14 10 5 4 5 23 34 8 5 20 12 3 13 4 17 28 43 3 28 69 106 Device 423 | 1 2 2 5 3 . 1 23 8 6 3 4 4 19 30 7 5 20 12 3 12 3 15 23 40 1 22 55 94 Storage 11 | 1 1 . . 1 . . 1 . 1 . . . . . . . . . . . 1 . 1 . . . 1 3 Processor 20 | . . . . . . . 1 1 . . . . 3 4 . . . . . . . . 2 . . 2 2 5 Hackware 2 | . . . . . . . . 1 . . . . . . . . . . . . . . 1 . . . . . Protection 44 | . 2 . . . . . 2 4 3 2 . 1 1 . 1 . . . . 1 . 2 1 3 2 4 11 4 Artifact . | . . . . . . . . . . . . . . . . . . . . . . . . . . . . . Weapon 246 | 2 11 1 . 2 . 5 22 20 6 6 1 7 13 10 13 . 13 5 2 7 . 5 12 11 4 11 18 39 Energy Gun 26 | 1 5 . . . . . . 4 . . . . . 5 5 . . . . . . . . . . . 1 5 Energy Cannon 15 | . 1 1 . 1 . 3 8 . . . . . . . . . . . . . . . . . . . . 1 Ballistic Gun 128 | 1 1 . . . . . 7 6 4 4 1 3 7 2 7 . 9 3 1 5 . 4 10 7 2 8 11 25 Ballistic Cannon 2 | . 1 . . . . . . 1 . . . . . . . . . . . . . . . . . . . . Launcher 19 | . 1 . . 1 . 2 5 3 2 1 . 2 2 . . . . . . . . . . . . . . . Special Weapon 5 | . 2 . . . . . 2 . . . . . . . . . . . . . . . . . 1 . . . Impact Weapon 51 | . . . . . . . . 6 . 1 . 2 4 3 1 . 4 2 1 2 . 1 2 4 1 3 6 8 Slashing Weapon . | . . . . . . . . . . . . . . . . . . . . . . . . . . . . . Piercing Weapon . | . . . . . . . . . . . . . . . . . . . . . . . . . . . . . Special Melee Weapon . | . . . . . . . . . . . . . . . . . . . . . . . . . . . . . Unidentified Prototypes 36 | . . . . . . . 1 1 . 1 . . 1 . 6 . . 1 . 1 4 1 2 1 1 1 12 2 Corrupted Parts 9 | . . . . . . . . . . . . . . . 1 1 6 . . . . . . . . . . 1 System Corruption 39 | . . . . . . . . . . . . . . . 3 6 28 . . . . . . . . . . 2 Parts Lost 93 | . 8 . 1 4 . 2 3 3 5 1 . . . 1 . . . . . . . 3 8 . . . 7 47 Power 13 | . 2 . . 1 . 1 1 . . 1 . . . . . . . . . . . . 1 . . . . 6 Propulsion 20 | . 3 . 1 1 . 1 2 2 2 . . . . . . . . . . . . . 2 . . . 2 4 Utility 25 | . 1 . . 1 . . . 1 . . . . . . . . . . . . . 2 2 . . . . 18 Weapon 35 | . 2 . . 1 . . . . 3 . . . . 1 . . . . . . . 1 3 . . . 5 19 Highest Loss Streak 29 | . 3 . 1 3 . 1 1 3 3 1 . . . 1 . . . . . . . 2 8 . . . 2 29 To Critical Strikes . | . . . . . . . . . . . . . . . . . . . . . . . . . . . . . Average Slot Usage (%) 94 | . 97 100 98 99 100 99 99 99 99 99 100 100 100 99 92 87 87 87 88 88 86 87 89 89 90 90 91 89 Engine 2 | . 12 14 11 4 . 8 9 7 7 7 7 7 5 . . . . . . . . . . . . . . . Reactor 3 | . . . . . . . . . . . . . . 6 6 6 6 5 5 5 5 5 4 5 5 4 4 7 Treads 15 | . 1 . 11 14 11 11 14 15 27 29 28 28 25 25 18 12 12 11 11 11 11 11 9 10 10 9 10 8 Wheel 3 | . 26 28 21 18 22 20 12 14 2 . . . . . . . . . . . . . . . . . . . Device 14 | . 12 14 22 18 22 22 17 14 13 14 14 13 11 12 5 6 11 15 16 14 14 15 18 14 10 17 14 13 Storage 6 | . 14 14 11 13 11 11 9 7 7 7 7 7 6 6 6 6 6 5 5 5 5 5 5 5 5 4 3 4 Processor 20 | . . . . . . . 8 14 15 14 14 14 24 25 31 31 25 22 22 22 22 22 21 25 25 26 28 27 Energy Gun 1 | . 11 . . . . . . 8 1 . . . . 1 4 . . . . . . . . . . . . 1 Energy Cannon 1 | . . 14 11 14 11 21 15 . . . . . . . . . . . . . . . . . . . . . Ballistic Gun 20 | . 11 . . . . . 9 8 21 19 23 27 23 21 18 25 23 25 25 26 27 25 25 27 28 23 25 21 Impact Weapon 1 | . . . . . . . . 2 . . 4 . 1 1 . . 1 1 1 . . 1 3 2 1 2 1 . Naked Turns 13 | . . . . . . . . . . . . . . . . . . . . . . . . . . . . 13 Heaviest Build 135 | 12 32 32 35 35 31 37 69 72 70 65 65 73 70 72 79 79 80 85 85 91 91 95 106 107 106 108 108 135 Greatest Support 160 | 20 20 20 22 22 22 22 60 80 83 83 83 83 93 113 160 160 160 160 160 160 160 160 160 160 155 155 150 135 Greatest Overweight (x) 5 | . 1 1 1 1 1 1 5 4 4 . . . . . . . . . . . . . . . . . . 1 Average Overweight (x) . | . . 1 1 1 1 1 1 1 . . . . . . . . . . . . . . . . . . . . Largest Inventory Capacity 20 | 8 15 15 15 15 15 15 20 20 20 20 20 20 20 20 20 20 20 20 20 20 20 20 20 20 20 20 20 20 Average Capacity 19 | 6 14 15 15 15 15 15 19 20 20 20 20 20 20 20 20 20 20 20 20 20 20 20 20 20 20 20 19 19 Most Carried 20 | 7 14 15 15 15 12 15 20 20 20 20 20 20 20 20 20 20 20 20 20 20 20 20 20 20 20 20 20 20 Average Carried 18 | 4 9 14 14 13 11 14 18 19 18 19 19 19 19 19 19 19 19 18 19 19 19 19 18 19 20 19 18 17 Final Capacity 20 | 8 15 15 15 15 15 15 20 20 20 20 20 20 20 20 20 20 20 20 20 20 20 20 20 20 20 20 20 5 Final Carried 20 | 7 13 15 15 11 12 15 19 20 19 18 20 20 20 20 20 20 19 20 20 20 20 20 20 20 20 20 20 5 Class Distribution -------------------- 26% | Scavenger-Skirmisher 24% | Scavenger-Assassin 18% | Scavenger-Executioner 12% | Scavenger-Mutant 5% | Skirmisher 3% | Mutant Dominant Class ---------------- Mutant | -10/Materials Scavenger-Mutant | -10/Mines Scavenger-Mutant | -9/Materials Scavenger-Mutant | -9/Mines Scavenger-Mutant | -9/Exiles Scavenger-Mutant | -8/Mines Skirmisher | -8/Materials Assassin | -7/Factory Scavenger-Skirmisher | -7/Lower Caves Scavenger-Skirmisher | -7/Lower Caves Scavenger-Assassin | -7/Zion Scavenger-Skirmisher | -6/Proximity Caves Scavenger-Skirmisher | -6/Factory Skirmisher | -6/Extension Skirmisher | -6/Cetus Scavenger-Skirmisher | -6/Archives Scavenger-Skirmisher | -6/Hub_04(d) Scavenger-Skirmisher | -5/Factory Scavenger-Skirmisher | -5/Upper Caves Scavenger-Skirmisher | -5/Upper Caves Scavenger-Skirmisher | -5/Zhirov Scavenger-Skirmisher | -4/Proximity Caves Scavenger-Assassin | -4/Factory Scavenger-Executioner | -4/Armory Scavenger-Mutant | -4/Lab Scavenger-Assassin | -3/Research Scavenger-Executioner | -3/Testing Scavenger-Executioner | -2/Research Resources | -11 -10 -10 -9 -9 -9 -8 -8 -7 -7 -7 -7 -6 -6 -6 -6 -6 -6 -5 -5 -5 -5 -4 -4 -4 -4 -3 -3 -2 ----------- Run | Scr Mat Min Mat Min Exi Min Mat Fac Low Low Zio Pro Fac Ext Cet Arc Hub Fac Upp Upp Zhi Pro Fac Arm Lab Res Tes Res Matter Collected 24854 | 258 317 84 214 333 18 200 1140 656 377 75 104 434 1292 1301 670 214 888 399 40 672 212 431 2097 1879 . 1408 3112 6029 Remotely 12400 | . . . . . . . 194 . 77 . . 355 412 901 266 194 794 234 . . . 289 1095 978 . 602 2159 3850 Salvage Created 27241 | 17 443 65 351 122 . 533 1644 467 389 86 . 109 614 898 367 180 1169 234 . 632 . 409 1781 1976 . 1054 2880 10821 Parts 1363 | 5 28 5 16 2 . 27 86 32 19 8 . 5 32 39 19 14 71 16 . 27 . 28 103 123 . 74 141 443 Haulers Intercepted 8 | . 1 . 1 . . . 3 . . . . . . . . . . . . 1 . . . . . . . 2 Recyclers Shooed 10 | 1 1 . 2 . . . 1 . . . . . 1 . . . . 1 . . . . . . . . 2 1 Parts Field Recycled . | . . . . . . . . . . . . . . . . . . . . . . . . . . . . . Retrieved Matter . | . . . . . . . . . . . . . . . . . . . . . . . . . . . . . Parts Self-Destructed 84 | . . . . . . . . . 16 4 . 14 . . . . . . . 22 . 28 . . . . . . Prevented 5 | . . . . . . . . . . . . 2 . . . . . . . . . 3 . . . . . . Kills | -11 -10 -10 -9 -9 -9 -8 -8 -7 -7 -7 -7 -6 -6 -6 -6 -6 -6 -5 -5 -5 -5 -4 -4 -4 -4 -3 -3 -2 ------- Run | Scr Mat Min Mat Min Exi Min Mat Fac Low Low Zio Pro Fac Ext Cet Arc Hub Fac Upp Upp Zhi Pro Fac Arm Lab Res Tes Res Combat Hostiles Destroyed 365 | . 10 2 6 3 . 9 30 12 12 5 . 5 14 17 5 2 15 6 . 7 . 8 21 23 . 10 33 110 Guns 297 | . 7 . . . . . 8 5 9 1 . 1 12 16 5 2 15 6 . 7 . 8 21 23 . 10 33 108 Cannons 23 | . . 2 6 1 . 5 9 . . . . . . . . . . . . . . . . . . . . . AOE 40 | . 3 . . 2 . 4 12 6 3 4 . 4 2 . . . . . . . . . . . . . . . Classes Destroyed 24 | 1 5 . 3 . . 1 2 2 . . . . . . . . 1 . . 1 . . . 2 . 1 3 2 Worker 17 | . 1 . . . . . 3 . . . . . 3 . . . 5 . . . . . 3 . . . 1 1 Builder 22 | . . . . . . . 3 1 . . . . 1 2 . . 1 . . . . . 4 . . 1 1 8 Tunneler 6 | 1 . . . . . 3 1 1 . . . . . . . . . . . . . . . . . . . . Hauler 8 | . 1 . 1 . . . 3 . . . . . . . . . . . . 1 . . . . . . . 2 Recycler 9 | . . . 1 . . 1 1 2 . . . . . . . . . . . . . . 1 . . 1 1 1 Mechanic 7 | . . . . . . . . . . . . . . . . . . . . . . . . . . 1 1 5 Operator 4 | . . . . . . . 1 . . . . . . 1 . . 1 . . . . . . 1 . . . . Watcher 28 | . 1 . . . . . 5 1 . . . . 1 2 . . 2 . . . . . 2 4 . 1 2 7 Swarmer 74 | . 1 . . . . . 6 9 5 4 . 3 7 7 . . 3 5 . . . 4 6 . . 3 5 6 Saboteur 6 | . . . . . . . . . . . . . . . . . . . . . . . . 1 . . 1 4 Grunt 130 | . 9 2 2 2 . 8 17 . 6 . . 2 6 1 . . 7 . . 5 . 2 4 9 . 1 9 38 Brawler 10 | . . . . . . 1 1 . . . . . 1 . . . 1 . . . . . . . . . 1 5 Duelist 18 | . . . 1 . . . . . 1 . . . . . 1 . 1 . . . . . . . . . 2 12 Protector 6 | . . . . . . . . . . . . . . . . . 1 . . . . . . . . . 1 4 Researcher 1 | . . . . . . . . . . . . . . . . . . . . . . . . . . . 1 . Sentry 41 | . . . 3 . . . 6 1 . . . . . 7 . 2 1 1 . . . . 4 5 . 4 3 4 Specialist 4 | . . . . . . . . . . . . . . . . . . . . . . . . 2 . . . 2 Hunter 27 | . . . . . . . . 1 . . . . . 1 1 . . . . 1 . . 2 . . . 2 19 Programmer 37 | . . . . . . . . 1 . 1 . . . . . . 1 . . . . 2 5 6 . 2 6 13 Heavy 2 | . . . . . . . . . . . . . . . . . . . . . . . . . . . . 2 Cetus Guard 3 | . . . . . . . . . . . . . . . 3 . . . . . . . . . . . . . Enhanced Grunt 1 | . . . . . . . . . . . . . . . . . 1 . . . . . . . . . . . Investigator 1 | . . . . . . . . . . . . . . . . . . . . . . . . . . . . 1 Striker 2 | . . . . . . . . . . . . . . . . . . . . . . . . . . . 2 . Executioner 1 | . . . . . . . . . . . . . . . . . . . . . . . . . . . . 1 Alpha 7 1 | . . . . . . . . . . . . . . . . . . . . . . . . . . . 1 . Thug 1 | . . . . . . . . . . . . . . 1 . . . . . . . . . . . . . . Mutant 1 | . . . . . . . . . . . . . . . . . . . . 1 . . . . . . . . Best Kill Streak 24 | 1 4 2 4 2 . 5 11 4 4 4 . 5 6 10 3 1 5 5 . 5 . 4 9 7 . 4 6 24 Combat Bots Only 18 | . 3 2 3 2 . 3 5 4 4 4 . 5 5 9 3 1 4 5 . 4 . 4 6 6 . 3 6 18 Max Kills in Single Turn 4 | 1 1 1 1 2 . 3 3 3 2 3 . 2 2 1 1 1 4 2 . 2 . 2 2 2 . 2 2 4 Gunslinging 2 | . . . . . . . . . 1 . . . . . . . . . . . . 1 1 1 . . 1 2 Exploded 3 | . 1 . . 2 . 1 2 3 2 3 . 2 2 . . . . . . . . . . . . . . . Melee . | . . . . . . . . . . . . . . . . . . . . . . . . . . . . . Uniques/NPCs Destroyed 1 | . . . . 1 . . . . . . . . . . . . . . . . . . . . . . . . YI-UF0 (-9/Mines) Combat | -11 -10 -10 -9 -9 -9 -8 -8 -7 -7 -7 -7 -6 -6 -6 -6 -6 -6 -5 -5 -5 -5 -4 -4 -4 -4 -3 -3 -2 -------- Run | Scr Mat Min Mat Min Exi Min Mat Fac Low Low Zio Pro Fac Ext Cet Arc Hub Fac Upp Upp Zhi Pro Fac Arm Lab Res Tes Res Damage Taken 27428 | . 838 101 384 713 . 160 1278 660 749 192 . 355 604 1234 571 135 630 257 . 341 . 515 2484 1078 . 827 2835 10487 Core 3059 | . 101 18 99 113 . 32 189 44 95 32 . 48 40 157 . . 72 29 . 16 . 18 154 57 . 45 248 1452 Absorbed by Shields 9278 | . . . . . . . . . . . . . . . 41 . . . . . . . . . . . . 9237 Reduced by Siege Mode 1653 | . . . . . . . . . . . . . . . 33 25 51 14 . 20 . 8 188 97 . 85 293 839 Redirected to Shielding 220 | . . . . . . . . . . . . . . . . . . . . 29 . 73 . 13 . . 17 88 Regen/Repaired (Parts) 1176 | . . . . . . . . . . . 763 . . . . . . . . . . . . . . . 413 . Core Remaining (%) 70 | 100 . 52 . . . 39 65 . . . . 68 . . . . 68 . . . . 84 . . 81 . 77 . Volleys Fired 768 | 2 47 6 27 11 . 16 79 29 21 7 . 6 39 41 26 9 36 8 . 23 . 15 29 40 1 26 58 166 Largest 6 | 2 2 2 2 2 . 2 3 3 3 3 . 4 4 4 4 4 4 5 . 5 . 5 6 6 1 6 6 6 Hottest 218 | 60 100 95 95 120 . 120 210 135 108 76 . 104 111 160 185 120 120 151 . 159 . 169 204 208 35 211 218 218 Shots Fired 3068 | 4 88 12 54 20 . 30 191 66 57 17 . 17 145 164 99 36 140 36 . 103 . 65 166 227 1 149 329 852 Gun 2799 | 4 77 . . . . . 75 53 55 15 . 15 142 164 99 36 140 36 . 103 . 65 166 227 1 149 329 848 Cannon 221 | . 2 12 54 18 . 26 97 8 . . . . . . . . . . . . . . . . . . . 4 Launcher 43 | . 4 . . 2 . 4 19 5 2 2 . 2 3 . . . . . . . . . . . . . . . Special 5 | . 5 . . . . . . . . . . . . . . . . . . . . . . . . . . . Kinetic 2682 | 2 41 6 27 4 . . 75 31 50 15 . 15 142 151 71 36 140 36 . 103 . 65 166 227 1 149 329 800 Thermal 226 | 2 29 6 27 14 . 26 97 . . . . . . 13 8 . . . . . . . . . . . . 4 Explosive 35 | . 4 . . 2 . 4 11 5 2 2 . 2 3 . . . . . . . . . . . . . . . Electromagnetic 125 | . 14 . . . . . 8 30 5 . . . . . 20 . . . . . . . . . . . . 48 Robot Hit Streak 43 | 2 9 12 14 6 . 9 16 10 6 9 . 11 10 19 27 19 15 10 . 11 . 7 29 33 . 31 30 43 Robot Miss Streak 8 | 1 6 . 3 3 . 1 3 3 8 2 . 1 4 4 3 3 8 2 . 2 . 5 3 2 . 4 2 3 Penetration Max 2 | . . . . . . . . . . . . . 1 1 . . 1 1 . . . . 1 1 . 1 1 2 Secondary Targets 89 | . 2 . . . . . 1 1 1 . . . 3 4 . . 7 . . . . 2 10 2 . . 5 51 Max Gunslinging Chain 3 | . 1 . . . . . 1 1 1 . . . 1 1 . . 1 . . . . 1 2 1 . . 2 3 Shots Hit Robots 2089 | 3 47 11 39 14 . 20 130 34 33 11 . 17 84 121 77 27 88 19 . 57 . 32 99 130 . 112 249 635 Core Hits 1033 | 1 23 3 12 7 . 23 78 23 24 6 . 12 45 43 26 7 54 10 . 22 . 14 49 62 . 32 106 351 Critical Kills 97 | . . . . . . . 1 . . . . . 2 . . . 4 . . 1 . 1 10 6 . 3 8 61 Critical Parts Destroyed 145 | . . . . . . . . . . . . . 1 3 . 2 5 1 . 6 . 3 6 6 . 4 22 86 Critical Strikes 258 | . 1 . . . . . 1 1 . . . . 3 5 4 4 9 1 . 7 . 4 18 12 . 8 32 148 Burn 6 | . . . . . . . . . . . . . . 2 4 . . . . . . . . . . . . . Meltdown 2 | . . . . . . . 1 . . . . . . . . . . . . . . . . . . . . 1 Destroy 239 | . . . . . . . . . . . . . 1 2 . 4 9 1 . 7 . 4 16 12 . 6 31 146 Corrupt 2 | . 1 . . . . . . 1 . . . . . . . . . . . . . . . . . . . . Smash 9 | . . . . . . . . . . . . . 2 1 . . . . . . . . 2 . . 2 1 1 Melee Attacks 151 | . . . . . . . . 8 . 1 . 2 12 13 2 . 5 5 1 2 . 1 18 28 1 26 9 17 Impact 151 | . . . . . . . . 8 . 1 . 2 12 13 2 . 5 5 1 2 . 1 18 28 1 26 9 17 Slashing . | . . . . . . . . . . . . . . . . . . . . . . . . . . . . . Piercing . | . . . . . . . . . . . . . . . . . . . . . . . . . . . . . Sneak Attacks 13 | . . . . . . . . 2 . . . 1 2 3 . . . . . . . . 3 . . 1 1 . Combat Hostiles 1 | . . . . . . . . . . . . 1 . . . . . . . . . . . . . . . . Follow-up Attacks . | . . . . . . . . . . . . . . . . . . . . . . . . . . . . . Damage Inflicted 59823 | 36 794 205 733 318 . 851 3792 1283 994 569 . 957 2388 2759 1330 602 2856 486 . 1093 . 833 3398 3957 . 3404 6951 19234 Guns 49621 | 36 515 . . . . . 1074 525 544 221 . 229 1688 2336 1330 602 2424 450 . 1093 . 833 3045 3855 . 3143 6849 18829 Cannons 3129 | . 42 205 733 225 . 321 1373 58 . . . . . . . . . . . . . . . . . . . 172 Explosions 5145 | . 237 . . 93 . 530 1345 476 450 348 . 642 462 . . . 432 . . . . . . . . . . 130 Melee 1726 | . . . . . . . . 224 . . . 86 238 386 . . . . . . . . 353 102 . 205 57 75 Ramming 202 | . . . . . . . . . . . . . . 37 . . . 36 . . . . . . . 56 45 28 Kinetic 48830 | 24 241 95 336 35 . . 1074 292 492 221 . 229 1688 2079 1014 602 2424 450 . 1093 . 833 3045 3855 . 3143 6849 18716 Thermal 3683 | 12 238 110 397 190 . 321 1613 . 94 . . . . 257 149 . . . . . . . . . . . . 302 Explosive 3938 | . 182 . . 93 . 530 849 476 356 348 . 642 462 . . . . . . . . . . . . . . . Electromagnetic 1444 | . 133 . . . . . 256 291 52 . . . . . 167 . 432 . . . . . . . . . . 113 Impact 1726 | . . . . . . . . 224 . . . 86 238 386 . . . . . . . . 353 102 . 205 57 75 Slashing . | . . . . . . . . . . . . . . . . . . . . . . . . . . . . . Piercing . | . . . . . . . . . . . . . . . . . . . . . . . . . . . . . Highest Corruption 58 | . . . . . . . 1 1 1 2 2 . . . 3 9 37 . . . . 2 4 7 7 8 10 58 Average Corruption 8 | . . . . . . . 1 1 1 1 2 . . . 3 7 9 . . . . 1 3 5 7 5 9 24 Corruption Purged . | . . . . . . . . . . . . . . . . . . . . . . . . . . . . . Corruption Blocked 6 | . . . . . . . . . . . . . 6 . . . . . . . . . . . . . . . Effects 294 | . . . . . . . 3 6 6 4 . . . . . 2 18 . . . . 3 5 36 7 13 62 129 Message Errors 46 | . . . . . . . . . 3 . . . . . . 1 4 . . . . . . 7 2 4 11 14 Matter Fused 63 | . . . . . . . 2 2 1 2 . . . . . 1 6 . . . . 1 2 6 2 4 11 23 Heat Flow Errors 40 | . . . . . . . . 3 1 . . . . . . . 3 . . . . . . 11 2 . 9 11 Energy Discharges 20 | . . . . . . . 1 . . . . . . . . . 1 . . . . . . 1 1 1 9 6 Parts Rejected 2 | . . . . . . . . . . . . . . . . . . . . . . . . 1 . . . 1 Data Loss (minor) 28 | . . . . . . . . . 1 1 . . . . . . 3 . . . . . 2 8 . 1 6 6 Data Loss (major) 10 | . . . . . . . . . . . . . . . . . . . . . . 2 . . . 1 5 2 Misfires 7 | . . . . . . . . 1 . . . . . . . . . . . . . . . . . 1 2 3 Alerts 6 | . . . . . . . . . . 1 . . . . . . . . . . . . 1 . . 1 . 3 Misdirections 2 | . . . . . . . . . . . . . . . . . . . . . . . . . . . 1 1 Weapon Failures 70 | . . . . . . . . . . . . . . . . . 1 . . . . . . 2 . . 8 59 Overload Shots . | . . . . . . . . . . . . . . . . . . . . . . . . . . . . . Overflow Damage 1331 | . 9 9 6 1 . 6 39 157 25 30 . 46 123 281 . . 56 6 . . . . 333 54 . 46 62 42 Projectiles 80 | . . 9 6 . . 6 18 41 . . . . . . . . . . . . . . . . . . . . Explosions 207 | . 9 . . 1 . . 21 65 25 30 . . . . . . 56 . . . . . . . . . . . Melee 1044 | . . . . . . . . 51 . . . 46 123 281 . . . 6 . . . . 333 54 . 46 62 42 Knockbacks 17 | . . 2 4 1 . . . 3 . . . . . 2 . . . . . . . . 1 . . 2 1 1 Impact 8 | . . . . . . . . 1 . . . . . 2 . . . . . . . . 1 . . 2 1 1 Kinetic 8 | . . 2 4 1 . . . 1 . . . . . . . . . . . . . . . . . . . . Secondary 1 | . . . . . . . . 1 . . . . . . . . . . . . . . . . . . . . Self-Inflicted Damage 530 | . 169 . . 30 . . 143 38 82 . . . . . . . 68 . . . . . . . . . . . Shots 15 | . 5 . . 1 . . 4 2 2 . . . . . . . 1 . . . . . . . . . . . Rammed 12 | . . . . . . . . . . . . . . 4 . . . 1 . . . . . . . 2 1 4 Targets Rammed 14 | . . . . . . . . . . . . . . 4 . . . 1 . . . . . . . 2 1 6 Kicked . | . . . . . . . . . . . . . . . . . . . . . . . . . . . . . Crushed 2 | . . . . . . . . . . . . . . . . . . . . . . . . . . . . 2 Highest Temperature 533 | . 317 66 57 234 . 258 342 282 104 73 . 73 119 228 533 315 366 116 . 313 . 51 176 255 228 265 255 412 Average Temperature 89 | . 74 38 14 111 . 78 91 114 46 36 . 27 34 65 249 130 126 44 . 102 . 18 48 65 116 107 88 101 Received Heat Transfer 4286 | . 339 57 141 15 . 90 495 48 162 . . 63 195 285 117 . 255 9 . 138 . 30 195 210 . 79 304 1059 Effects 23 | . 1 . . . . 1 3 . . . . . . . 7 3 3 . . 3 . . . . . . . 2 Shutdowns 1 | . . . . . . . . . . . . . . . . . 1 . . . . . . . . . . . Energy Bleed 4 | . . . . . . 1 2 . . . . . . . 1 . . . . . . . . . . . . . Interference 12 | . . . . . . . . . . . . . . . 3 3 1 . . 3 . . . . . . . 2 Short Circuit 1 | . . . . . . . . . . . . . . . . . 1 . . . . . . . . . . . Damage (minor) 3 | . 1 . . . . . 1 . . . . . . . 1 . . . . . . . . . . . . . Damage (major) 2 | . . . . . . . . . . . . . . . 2 . . . . . . . . . . . . . Siege Activations 62 | . . . . . . . . . . . . . . . 1 2 7 1 . 2 . 3 5 8 . 3 11 19 Total Turns 963 | . . . . . . . . . . . . . . . 32 18 59 4 . 30 . 24 76 122 . 27 165 406 Longest Duration 63 | . . . . . . . . . . . . . . . 32 14 14 4 . 25 . 14 29 53 . 19 25 63 Robots Corrupted 1 | . . . . . . . . 1 . . . . . . . . . . . . . . . . . . . . Combat Hostiles 1 | . . . . . . . . 1 . . . . . . . . . . . . . . . . . . . . Parts Fried 25 | . . . . . . . 2 4 . . . . . 7 . . 1 . . . . . 5 4 . 1 . 1 Impact Corruptions 32 | . . . . . . . . 2 . . . 2 1 8 . . . 1 . . . . 11 2 . 1 2 2 Robots Melted 2 | . . . . . . . 1 . . . . . . . . . . . . . . . . . . . . 1 Combat Hostiles 2 | . . . . . . . 1 . . . . . . . . . . . . . . . . . . . . 1 Parts Melted 23 | . . . 1 . . . 5 . . . . . . 6 7 . . . . . . . 1 1 . . . 2 Heat Transferred 6647 | 25 400 222 814 407 . 666 2568 . 50 . . . . 592 555 . . . . . . . . . . . . 348 Parts Sabotaged . | . . . . . . . . . . . . . . . . . . . . . . . . . . . . . Parts Stolen . | . . . . . . . . . . . . . . . . . . . . . . . . . . . . . Parts Stripped . | . . . . . . . . . . . . . . . . . . . . . . . . . . . . . Power Chain Reactions 5 | . 1 . . . . . 1 . 1 . . . . . . . . . . . . . . . . . . 2 Missiles Intercepted . | . . . . . . . . . . . . . . . . . . . . . . . . . . . . . Alert | -11 -10 -10 -9 -9 -9 -8 -8 -7 -7 -7 -7 -6 -6 -6 -6 -6 -6 -5 -5 -5 -5 -4 -4 -4 -4 -3 -3 -2 ------- Run | Scr Mat Min Mat Min Exi Min Mat Fac Low Low Zio Pro Fac Ext Cet Arc Hub Fac Upp Upp Zhi Pro Fac Arm Lab Res Tes Res Peak Influence 2968 | 5 276 89 246 160 . 271 846 573 . . . . 778 598 857 479 1693 980 . . . . 478 662 . 176 679 2968 Initial 829 | . 3 39 34 95 . . 27 384 . . . . 202 321 260 262 167 829 . . . . 25 191 . . 36 339 Average 498 | 3 109 83 137 99 . 205 501 425 . . . . 401 434 568 414 943 895 . . . . 136 335 . 48 357 1421 Maximum Alert Level 5 | . 1 . 1 . . 1 3 2 . . . . 3 2 3 2 5 3 . . . . 2 2 . . 2 5 Low Security (%) 28 | 100 91 100 78 100 . 42 10 . . . . . 10 . . . 15 . . . . . 73 19 . 100 33 . Level 1 23 | . 8 . 21 . . 57 25 28 . . . . 43 36 12 40 4 . . . . . 25 50 . . 12 12 Level 2 27 | . . . . . . . 35 71 . . . . 40 63 57 59 11 . . . . . 1 29 . . 53 2 Level 3 10 | . . . . . . . 29 . . . . . 4 . 30 . 30 100 . . . . . . . . . 18 Level 4 4 | . . . . . . . . . . . . . . . . . 23 . . . . . . . . . . 32 Level 5 . | . . . . . . . . . . . . . . . . . 14 . . . . . . . . . . 3 High Security 3 | . . . . . . . . . . . . . . . . . . . . . . . . . . . . 30 Max Security . | . . . . . . . . . . . . . . . . . . . . . . . . . . . . . Squads Dispatched 74 | . 1 . 1 . . . 4 5 . . . . 6 1 . . 6 1 . . . . 2 5 . 2 5 35 Investigation 8 | . 1 . . . . . 1 3 . . . . 1 . . . . . . . . . . 2 . . . . Extermination 17 | . . . . . . . . 2 . . . . 2 . . . . 1 . . . . 2 3 . 2 2 3 Reinforcement 15 | . . . 1 . . . 1 . . . . . 1 1 . . 3 . . . . . . . . . 1 7 Assault 31 | . . . . . . . 1 . . . . . 1 . . . 2 . . . . . . . . . 2 25 Garrison 3 | . . . . . . . 1 . . . . . 1 . . . 1 . . . . . . . . . . . Intercept . | . . . . . . . . . . . . . . . . . . . . . . . . . . . . . Searches Triggered . | . . . . . . . . . . . . . . . . . . . . . . . . . . . . . Construction Impeded 3 | . . . . . . . . . . . . . 1 . . . 1 . . . . . . . . . . 1 Haulers Reinforced 3 | . . . . . . . . . . . . . . . . . . . . . . . . . . . . 3 Active Scanning Responses . | . . . . . . . . . . . . . . . . . . . . . . . . . . . . . Cargo Convoy Interrupts . | . . . . . . . . . . . . . . . . . . . . . . . . . . . . . Stealth | -11 -10 -10 -9 -9 -9 -8 -8 -7 -7 -7 -7 -6 -6 -6 -6 -6 -6 -5 -5 -5 -5 -4 -4 -4 -4 -3 -3 -2 --------- Run | Scr Mat Min Mat Min Exi Min Mat Fac Low Low Zio Pro Fac Ext Cet Arc Hub Fac Upp Upp Zhi Pro Fac Arm Lab Res Tes Res Distress Signals 14 | . . . 1 . . . 1 . . . . . . 2 2 . 2 . . . . . . 1 . . 3 2 Communications Jammed 125 | . . . . . . . . . . . . . . . . . . . . . . . 9 41 . . 5 70 Distress Signals 123 | . . . . . . . . . . . . . . . . . . . . . . . 9 41 . . 3 70 Times Spotted 554 | . 15 2 10 3 . 9 41 15 14 5 . 13 26 23 27 4 33 7 . 7 . 8 29 34 . 16 40 173 Peak Tracking Total 22 | . 5 2 4 2 . 3 5 3 4 4 . 10 6 6 11 2 7 5 . 2 . 4 8 7 . 3 6 22 Tactical Retreats 20 | . . . . . . . 2 . 1 . . . 2 1 . . 1 . . . . . 1 2 . . 2 8 Traps | -11 -10 -10 -9 -9 -9 -8 -8 -7 -7 -7 -7 -6 -6 -6 -6 -6 -6 -5 -5 -5 -5 -4 -4 -4 -4 -3 -3 -2 ------- Run | Scr Mat Min Mat Min Exi Min Mat Fac Low Low Zio Pro Fac Ext Cet Arc Hub Fac Upp Upp Zhi Pro Fac Arm Lab Res Tes Res Traps Triggered 8 | . . . . . . . 2 2 . . . . . . . . . . . . . . 1 1 . 1 1 . Indirectly . | . . . . . . . . . . . . . . . . . . . . . . . . . . . . . Trap Hack Attempts . | . . . . . . . . . . . . . . . . . . . . . . . . . . . . . Triggered . | . . . . . . . . . . . . . . . . . . . . . . . . . . . . . Disarmed . | . . . . . . . . . . . . . . . . . . . . . . . . . . . . . Reprogrammed . | . . . . . . . . . . . . . . . . . . . . . . . . . . . . . Reused . | . . . . . . . . . . . . . . . . . . . . . . . . . . . . . Traps Extracted . | . . . . . . . . . . . . . . . . . . . . . . . . . . . . . Installed . | . . . . . . . . . . . . . . . . . . . . . . . . . . . . . Triggered 2 | . . . . . . . . . . . . . . . . . . . . 1 . 1 . . . . . . Exploded 1 | . . . . . . . . . . . . . . . . . . 1 . . . . . . . . . . Machines | -11 -10 -10 -9 -9 -9 -8 -8 -7 -7 -7 -7 -6 -6 -6 -6 -6 -6 -5 -5 -5 -5 -4 -4 -4 -4 -3 -3 -2 ---------- Run | Scr Mat Min Mat Min Exi Min Mat Fac Low Low Zio Pro Fac Ext Cet Arc Hub Fac Upp Upp Zhi Pro Fac Arm Lab Res Tes Res Machines Disabled 62 | . . . . . . 3 7 . . . . 2 6 2 . 3 11 . . 2 . 1 6 5 1 1 7 5 Max in Single Turn 4 | . . . . . . 3 4 . . . . 2 2 1 . 1 3 . . 1 . 1 1 1 1 1 1 1 Garrison Access 4 | . . . . . . . . . . . . . 1 . . . 1 . . . . . . . . 1 1 . Network Hub 1 | . . . . . . . . . . . . . . . . . 1 . . . . . . . . . . . Machines Sabotaged . | . . . . . . . . . . . . . . . . . . . . . . . . . . . . . Overloaded Fab Kills . | . . . . . . . . . . . . . . . . . . . . . . . . . . . . . Hacking | -11 -10 -10 -9 -9 -9 -8 -8 -7 -7 -7 -7 -6 -6 -6 -6 -6 -6 -5 -5 -5 -5 -4 -4 -4 -4 -3 -3 -2 --------- Run | Scr Mat Min Mat Min Exi Min Mat Fac Low Low Zio Pro Fac Ext Cet Arc Hub Fac Upp Upp Zhi Pro Fac Arm Lab Res Tes Res Machines Accessed 42 | . 7 . 2 . . . 4 12 . . . . 2 . . . 1 2 1 . 4 1 1 . 1 1 3 . Terminals 20 | . 7 . 2 . . . 4 6 . . . . 1 . . . . . . . . . . . . . . . Fabricators 5 | . . . . . . . . 2 . . . . . . . . . 1 . . . . 1 . . . 1 . Repair Stations 1 | . . . . . . . . . . . . . . . . . . . . . . . . . . . 1 . Recycling Units 3 | . . . . . . . . 2 . . . . . . . . . 1 . . . . . . . . . . Scanalyzers . | . . . . . . . . . . . . . . . . . . . . . . . . . . . . . Garrison Access 6 | . . . . . . . . 2 . . . . 1 . . . 1 . . . . . . . . 1 1 . Total Hacks 122 | . 26 . 7 . . . 14 30 . . . . 4 . . . 2 3 1 . 17 1 2 . 6 3 6 . Successful 73 | . 15 . 5 . . . 5 17 . . . . 1 . . . . 2 1 . 17 1 . . 6 1 2 . Failed 49 | . 11 . 2 . . . 9 13 . . . . 3 . . . 2 1 . . . . 2 . . 2 4 . Catastrophic 11 | . . . . . . . 2 3 . . . . . . . . . 1 . . . . 1 . . 1 3 . Database Lockouts . | . . . . . . . . . . . . . . . . . . . . . . . . . . . . . Manual 181 | . 21 . 6 . . . 13 21 . . . . 19 14 1 . 11 3 . . . . 19 17 . 17 16 3 Terminals 64 | . 26 . 7 . . . 14 14 . . . . 3 . . . . . . . . . . . . . . . Fabricators 7 | . . . . . . . . 3 . . . . . . . . . 1 . . . . 2 . . . 1 . Repair Stations 3 | . . . . . . . . . . . . . . . . . . . . . . . . . . . 3 . Recycling Units 9 | . . . . . . . . 7 . . . . . . . . . 2 . . . . . . . . . . Scanalyzers . | . . . . . . . . . . . . . . . . . . . . . . . . . . . . . Garrison Access 14 | . . . . . . . . 6 . . . . 1 . . . 2 . . . . . . . . 3 2 . Terminal Hacks 45 | . 11 . 1 . . . 4 3 . . . . 1 . . . . . 1 . 17 1 . . 6 . . . Record 12 | . . . . . . . . . . . . . . . . . . . . . 5 1 . . 6 . . . Part Schematic 4 | . . . . . . . . . . . . . . . . . . . . . 4 . . . . . . . Robot Analysis 14 | . 7 . . . . . 3 . . . . . . . . . . . . . 4 . . . . . . . Prototype ID Bank 7 | . 2 . . . . . . 1 . . . . . . . . . . . . 4 . . . . . . . Open Door 2 | . . . . . . . . . . . . . 1 . . . . . 1 . . . . . . . . . Branch Access Points 2 | . 1 . . . . . . 1 . . . . . . . . . . . . . . . . . . . . Terminal Index 2 | . 1 . . . . . . 1 . . . . . . . . . . . . . . . . . . . . Locate Traps 1 | . . . . . . . 1 . . . . . . . . . . . . . . . . . . . . . Zone Layout 1 | . . . 1 . . . . . . . . . . . . . . . . . . . . . . . . . Fabricator Hacks . | . . . . . . . . . . . . . . . . . . . . . . . . . . . . . Repair Station Hacks 2 | . . . . . . . . . . . . . . . . . . . . . . . . . . . 2 . Scan Component 1 | . . . . . . . . . . . . . . . . . . . . . . . . . . . 1 . Repair 1 | . . . . . . . . . . . . . . . . . . . . . . . . . . . 1 . Recycling Unit Hacks . | . . . . . . . . . . . . . . . . . . . . . . . . . . . . . Scanalyzer . | . . . . . . . . . . . . . . . . . . . . . . . . . . . . . Garrison Access Hacks 1 | . . . . . . . . . . . . . . . . . . . . . . . . . . 1 . . Seal Access 1 | . . . . . . . . . . . . . . . . . . . . . . . . . . 1 . . Unauthorized Hacks 25 | . 4 . 4 . . . 1 14 . . . . . . . . . 2 . . . . . . . . . . Terminals 10 | . 4 . 4 . . . 1 1 . . . . . . . . . . . . . . . . . . . . Track 1 | . . . 1 . . . . . . . . . . . . . . . . . . . . . . . . . Assimilate 2 | . 1 . 1 . . . . . . . . . . . . . . . . . . . . . . . . . Botnet 5 | . 2 . 1 . . . 1 1 . . . . . . . . . . . . . . . . . . . . Operators 2 | . 1 . 1 . . . . . . . . . . . . . . . . . . . . . . . . . Fabricators 3 | . . . . . . . . 3 . . . . . . . . . . . . . . . . . . . . Fabnet 1 | . . . . . . . . 1 . . . . . . . . . . . . . . . . . . . . Haulers 2 | . . . . . . . . 2 . . . . . . . . . . . . . . . . . . . . Repair Stations . | . . . . . . . . . . . . . . . . . . . . . . . . . . . . . Recycling Units 7 | . . . . . . . . 5 . . . . . . . . . 2 . . . . . . . . . . Monitor 2 | . . . . . . . . 1 . . . . . . . . . 1 . . . . . . . . . . Reject 1 | . . . . . . . . 1 . . . . . . . . . . . . . . . . . . . . Recyclers 2 | . . . . . . . . 1 . . . . . . . . . 1 . . . . . . . . . . Mask 1 | . . . . . . . . 1 . . . . . . . . . . . . . . . . . . . . Tunnel 1 | . . . . . . . . 1 . . . . . . . . . . . . . . . . . . . . Scanalyzers . | . . . . . . . . . . . . . . . . . . . . . . . . . . . . . Garrison Access 5 | . . . . . . . . 5 . . . . . . . . . . . . . . . . . . . . Broadcast 1 | . . . . . . . . 1 . . . . . . . . . . . . . . . . . . . . Decoy 2 | . . . . . . . . 2 . . . . . . . . . . . . . . . . . . . . Redirect 1 | . . . . . . . . 1 . . . . . . . . . . . . . . . . . . . . Watchers 1 | . . . . . . . . 1 . . . . . . . . . . . . . . . . . . . . Data Cores Recovered 3 | . . . . . . . 1 . . . . . . . . . 1 . . . . . . 1 . . . . Used . | . . . . . . . . . . . . . . . . . . . . . . . . . . . . . Hacking Detections 31 | . 7 . 2 . . . 4 9 . . . . 2 . . . 1 1 . . . . 1 . . 1 3 . Full Trace Events 6 | . 2 . . . . . 2 1 . . . . 1 . . . . . . . . . . . . . . . Feedback Events 1 | . . . . . . . 1 . . . . . . . . . . . . . . . . . . . . . Corruption 1 | . . . . . . . 1 . . . . . . . . . . . . . . . . . . . . . Feedback Blocked . | . . . . . . . . . . . . . . . . . . . . . . . . . . . . . Robot Schematics Acquired 9 | . . . . . . . . . . . 3 . . . . . . . . . . . . . . 5 1 . Robots Built . | . . . . . . . . . . . . . . . . . . . . . . . . . . . . . Authchips . | . . . . . . . . . . . . . . . . . . . . . . . . . . . . . Time . | . . . . . . . . . . . . . . . . . . . . . . . . . . . . . Total Robot Build Rating . | . . . . . . . . . . . . . . . . . . . . . . . . . . . . . Part Schematics Acquired 39 | . . . . . . . . . . . 14 . . . . . . . . . 4 . . . . 9 12 . Parts Built . | . . . . . . . . . . . . . . . . . . . . . . . . . . . . . Authchips . | . . . . . . . . . . . . . . . . . . . . . . . . . . . . . Time . | . . . . . . . . . . . . . . . . . . . . . . . . . . . . . Total Part Build Rating . | . . . . . . . . . . . . . . . . . . . . . . . . . . . . . Parts Repaired 1 | . . . . . . . . . . . . . . . . . . . . . . . . . . . 1 . Time 26 | . . . . . . . . . . . . . . . . . . . . . . . . . . . 26 . Parts Recycled . | . . . . . . . . . . . . . . . . . . . . . . . . . . . . . Recycled Matter . | . . . . . . . . . . . . . . . . . . . . . . . . . . . . . Retrieved Matter . | . . . . . . . . . . . . . . . . . . . . . . . . . . . . . Retrieved Components . | . . . . . . . . . . . . . . . . . . . . . . . . . . . . . Parts Scanalyzed . | . . . . . . . . . . . . . . . . . . . . . . . . . . . . . Part Schematics Acquired . | . . . . . . . . . . . . . . . . . . . . . . . . . . . . . Parts Damaged . | . . . . . . . . . . . . . . . . . . . . . . . . . . . . . Bothacking | -11 -10 -10 -9 -9 -9 -8 -8 -7 -7 -7 -7 -6 -6 -6 -6 -6 -6 -5 -5 -5 -5 -4 -4 -4 -4 -3 -3 -2 ------------ Run | Scr Mat Min Mat Min Exi Min Mat Fac Low Low Zio Pro Fac Ext Cet Arc Hub Fac Upp Upp Zhi Pro Fac Arm Lab Res Tes Res Used RIF Installer . | . . . . . . . . . . . . . . . . . . . . . . . . . . . . . Robots Hacked 2 | . . . . . . . . . . . . 1 1 . . . . . . . . . . . . . . . Non-combat . | . . . . . . . . . . . . . . . . . . . . . . . . . . . . . Combat 2 | . . . . . . . . . . . . 1 1 . . . . . . . . . . . . . . . Robot Hacks Applied . | . . . . . . . . . . . . . . . . . . . . . . . . . . . . . Relay Couplers Released 6 | . . . . . . . . . . . . . . . . . 3 . . . . . . . . . 3 . Machine Destruction 3 | . . . . . . . . . . . . . . . . . 3 . . . . . . . . . . . Programmers 3 | . . . . . . . . . . . . . . . . . . . . . . . . . . . 3 . Fabnet Peak Effective % 3 | . . . . . . . . . . . . 3 3 3 3 3 3 1 1 1 1 . . . . . . . Autooverrided 2 | . . . . . . . . . . . . 1 1 . . . . . . . . . . . . . . . Robots Rewired 11 | . . . . . . . . . . . . . . 10 . . . . . . . . . . . . 1 . Allies Hacked . | . . . . . . . . . . . . . . . . . . . . . . . . . . . . . Hacks Repelled . | . . . . . . . . . . . . . . . . . . . . . . . . . . . . . Allies | -11 -10 -10 -9 -9 -9 -8 -8 -7 -7 -7 -7 -6 -6 -6 -6 -6 -6 -5 -5 -5 -5 -4 -4 -4 -4 -3 -3 -2 -------- Run | Scr Mat Min Mat Min Exi Min Mat Fac Low Low Zio Pro Fac Ext Cet Arc Hub Fac Upp Upp Zhi Pro Fac Arm Lab Res Tes Res Total Allies 40 | . 1 . 1 . . . . . . . 4 1 3 17 5 . . . . . . . 1 3 . . 4 . Largest Group 10 | . 1 1 2 2 . . . . . . 4 4 4 10 10 3 3 1 . . . . 1 3 . . 3 1 Highest-Rated Group 559 | . 10 10 20 20 . . . . . . 154 154 179 535 559 288 288 89 . . . . 28 288 . . 153 153 Highest-Rated Ally 159 | . 10 10 10 10 . . . . . . 40 40 51 159 159 96 96 89 . . . . 28 96 . . 153 153 Zionite Dispatches 4 | . . . . . . . . . . . . . 1 1 . . . . . . . . 1 1 . . . . Light 2 | . . . . . . . . . . . . . . 1 . . . . . . . . . 1 . . . . Hacker 1 | . . . . . . . . . . . . . 1 . . . . . . . . . . . . . . . Infowar Resupply 1 | . . . . . . . . . . . . . . . . . . . . . . . 1 . . . . . Total Orders 15 | . . . 4 . . . . . . . . . . . . . . . . . . . 2 9 . . . . STAY 3 | . . . 2 . . . . . . . . . . . . . . . . . . . 1 . . . . . FOLLOW 2 | . . . 2 . . . . . . . . . . . . . . . . . . . . . . . . . DROP 1 | . . . . . . . . . . . . . . . . . . . . . . . 1 . . . . . EXPLORE 5 | . . . . . . . . . . . . . . . . . . . . . . . . 5 . . . . RETURN 4 | . . . . . . . . . . . . . . . . . . . . . . . . 4 . . . . Ally Attacks 342 | . . . . . . . . . . . . 33 48 72 99 14 52 . . . . . . 5 . . 10 9 Total Damage 11305 | . . . . . . . . . . . . 992 806 1444 3272 507 2779 . . . . . . 246 . . 290 969 Kills 73 | . . . . . . . . . . . . 9 6 11 19 2 21 . . . . . . . . . . 5 Allies Corrupted 1 | . . . . . . . . . . . . . . . . . . . . . . . . . . . . 1 Allies Melted 1 | . . . . . . . . . . . . . . . . . . . . . . . . . . . 1 . Intel | -11 -10 -10 -9 -9 -9 -8 -8 -7 -7 -7 -7 -6 -6 -6 -6 -6 -6 -5 -5 -5 -5 -4 -4 -4 -4 -3 -3 -2 ------- Run | Scr Mat Min Mat Min Exi Min Mat Fac Low Low Zio Pro Fac Ext Cet Arc Hub Fac Upp Upp Zhi Pro Fac Arm Lab Res Tes Res Robot Analysis Total 14 | . 7 . . . . . 3 . . . . . . . . . . . . . 4 . . . . . . . Derelict Logs Recovered 6 | . . . . . . . . . 1 2 1 1 . . . . . . . 1 . . . . . . . . Drone Launches 7 | . . . . . . . . . . . . . . . . . . . . . . . . 7 . . . . Drone Recoveries 4 | . . . . . . . . . . . . . . . . . . . . . . . . 4 . . . . Decoded 0b10 Intel 68 | . . . . . . . . . . . . . 52 16 . . . . . . . . . . . . . . Items 68 | . . . . . . . . . . . . . 52 16 . . . . . . . . . . . . . . Zionite Intel Received 22 | . . . . . . . . . . . . . 3 2 . . 2 . . . . . 3 4 . 4 4 . Main Access 1 | . . . . . . . . . . . . . . . . . 1 . . . . . . . . . . . Branch Access 1 | . . . . . . . . . . . . . . . . . . . . . . . . . . . 1 . Emergency Access 3 | . . . . . . . . . . . . . 1 . . . . . . . . . 1 . . . 1 . Guard Positions 2 | . . . . . . . . . . . . . . . . . . . . . . . . 1 . 1 . . Component Stockpiles 2 | . . . . . . . . . . . . . . . . . . . . . . . 1 1 . . . . Prototype Schematics 2 | . . . . . . . . . . . . . . . . . . . . . . . . . . 1 1 . Unaware Schematics 1 | . . . . . . . . . . . . . . . . . . . . . . . . . . 1 . . Unaware Analyses 4 | . . . . . . . . . . . . . 1 . . . . . . . . . 1 1 . . 1 . Trap Installations 2 | . . . . . . . . . . . . . . 1 . . . . . . . . . 1 . . . . Active Terminals 1 | . . . . . . . . . . . . . . 1 . . . . . . . . . . . . . . Active Garrisons 1 | . . . . . . . . . . . . . . . . . 1 . . . . . . . . . . . Depthwide Sectors/0 2 | . . . . . . . . . . . . . 1 . . . . . . . . . . . . 1 . . Exploration | -11 -10 -10 -9 -9 -9 -8 -8 -7 -7 -7 -7 -6 -6 -6 -6 -6 -6 -5 -5 -5 -5 -4 -4 -4 -4 -3 -3 -2 ------------- Run | Scr Mat Min Mat Min Exi Min Mat Fac Low Low Zio Pro Fac Ext Cet Arc Hub Fac Upp Upp Zhi Pro Fac Arm Lab Res Tes Res Turns Passed 19945 | 67 536 62 231 179 228 450 1015 1099 693 460 1382 645 1052 1395 424 119 439 528 396 511 255 620 916 1431 212 1306 1395 1899 Spaces Moved 10126 | 55 367 37 127 130 228 368 509 734 372 255 829 364 501 635 176 50 159 288 239 232 150 324 401 649 122 690 581 554 Core 12 | 12 . . . . . . . . . . . . . . . . . . . . . . . . . . . . Treads 7629 | . . . . . . . 104 7 319 255 829 364 501 635 176 50 159 288 239 232 150 324 401 649 122 690 581 554 Legs . | . . . . . . . . . . . . . . . . . . . . . . . . . . . . . Wheels 2485 | 43 367 37 127 130 228 368 405 727 53 . . . . . . . . . . . . . . . . . . . Hover . | . . . . . . . . . . . . . . . . . . . . . . . . . . . . . Flight . | . . . . . . . . . . . . . . . . . . . . . . . . . . . . . Fastest Speed 50 | 50 80 95 95 100 100 100 100 115 120 165 165 165 165 160 160 160 160 160 160 160 160 160 160 160 160 152 152 160 Average Speed 148 | 73 92 95 99 100 100 100 127 121 159 165 165 165 165 162 160 160 160 160 160 160 160 160 160 160 160 152 157 165 Slowest Speed 250 | 80 95 95 100 100 100 100 165 162 165 165 165 165 167 165 160 160 160 160 160 160 160 160 160 160 160 160 165 250 Overloaded Moves . | . . . . . . . . . . . . . . . . . . . . . . . . . . . . . Propulsion Burnouts . | . . . . . . . . . . . . . . . . . . . . . . . . . . . . . Robots Hopped . | . . . . . . . . . . . . . . . . . . . . . . . . . . . . . Cave-ins Triggered . | . . . . . . . . . . . . . . . . . . . . . . . . . . . . . Teleports 1 | . . . . . . . . . . . . . . . . . . . . . 1 . . . . . . . Exploration Rate (%) 51 | 4 65 14 21 32 67 84 66 27 51 58 89 69 17 85 85 83 34 14 48 38 61 62 14 54 96 36 89 21 Regions Visited 28 Branch Regions 19 Pre-discovered Areas 21 | . . . . . . . . 1 . . 2 1 10 . . . . . . 1 3 . . . . 3 . . Known Exits Taken 21 | . 1 . . . . . . 1 1 1 1 1 1 1 1 1 1 1 1 1 1 1 1 1 1 1 1 . Unknown Exits Taken 7 | 1 . 1 1 1 1 1 1 . . . . . . . . . . . . . . . . . . . . . Scrap Searched 15 | . . 1 . 1 . 1 . . 2 1 3 1 . . . . . . 1 . . 4 . . . . . . Spaces Dug 282 | . 5 . . . . . 1 22 . 1 . 1 9 5 1 . 159 8 1 4 . 5 15 9 . 19 3 14 Terrain Destroyed 699 | . 23 . . 31 . 17 78 52 26 6 . 13 25 5 1 1 177 11 1 33 . 22 32 22 . 28 17 78 Melee 92 | . . . . . . . . 6 . 1 . 1 9 5 1 . 3 5 1 1 . . 15 9 . 19 3 13 Projectile 194 | . 5 . . . . . 8 5 1 . . . 2 . . 1 19 6 . 31 . 21 17 12 . 8 13 45 AOE 401 | . 18 . . 31 . 17 70 41 25 5 . 12 14 . . . 155 . . . . . . . . . . 13 Terrain Rammed . | . . . . . . . . . . . . . . . . . . . . . . . . . . . . . Walls Destroyed . | . . . . . . . . . . . . . . . . . . . . . . . . . . . . . Machines Disabled . | . . . . . . . . . . . . . . . . . . . . . . . . . . . . . Actions | -11 -10 -10 -9 -9 -9 -8 -8 -7 -7 -7 -7 -6 -6 -6 -6 -6 -6 -5 -5 -5 -5 -4 -4 -4 -4 -3 -3 -2 --------- Run | Scr Mat Min Mat Min Exi Min Mat Fac Low Low Zio Pro Fac Ext Cet Arc Hub Fac Upp Upp Zhi Pro Fac Arm Lab Res Tes Res Total 12956 | 74 463 51 179 155 228 418 716 863 426 278 842 393 634 888 285 75 268 327 249 325 165 378 564 860 134 814 874 1030 Wait 362 | . 1 . . . . . 8 20 8 1 3 1 4 17 13 6 25 2 1 39 1 12 35 55 . 7 55 48 Move 10098 | 54 366 36 126 129 227 367 508 733 371 254 828 363 500 634 175 49 158 287 238 231 149 323 400 648 121 689 580 554 Hop . | . . . . . . . . . . . . . . . . . . . . . . . . . . . . . Pick Up 237 | 9 17 4 8 1 1 9 26 15 5 1 4 4 16 2 9 3 2 2 2 3 . 2 20 12 . 9 30 21 Fast Attach 126 | 6 3 . 1 . . 2 9 4 1 1 . . 2 9 10 . 1 2 . 2 8 3 7 7 4 4 17 23 Attach 156 | 2 7 1 4 4 . 2 14 7 5 3 . . 9 1 7 1 3 3 . 2 . 3 18 2 . 5 15 38 Detach 51 | . 1 . . . . 1 2 . . 1 . . . 1 5 . 2 2 . . 1 1 5 1 . 2 11 15 Swap 602 | . 14 2 6 8 . 13 42 33 13 9 5 12 34 43 13 5 33 13 5 16 . 17 19 48 4 31 62 102 Drop 246 | 1 7 2 7 1 . 8 28 14 2 . 2 5 18 12 25 2 3 2 2 7 6 1 13 19 3 13 22 21 Fire 768 | 2 47 6 27 11 . 16 79 29 21 7 . 6 39 41 26 9 36 8 . 23 . 15 29 40 1 26 58 166 Melee 151 | . . . . . . . . 8 . 1 . 2 12 13 2 . 5 5 1 2 . 1 18 28 1 26 9 17 Ram . | . . . . . . . . . . . . . . . . . . . . . . . . . . . . . Kick . | . . . . . . . . . . . . . . . . . . . . . . . . . . . . . Crush 14 | . . . . . . . . . . . . . . 4 . . . 1 . . . . . . . 2 1 6 Escape Stasis 19 | . . . . . . . . . . . . . . . . . . . . . . . . . . . . 19 Rewire 126 | . . . . 1 . . . . . . . . . 111 . . . . . . . . . . . . 14 . Trap . | . . . . . . . . . . . . . . . . . . . . . . . . . . . . . Miscellaneous . | . . . . . . . . . . . . . . . . . . . . . . . . . . . . . Route ------- -11/Scrapyard -10/Materials (discovered 3 exits: *Mat / *Min x2) -10/Mines -9/Materials -9/Mines (discovered 2 exits: *Mat / [*Exi]) -9/Exiles -8/Mines -8/Materials -7/Factory (discovered 4 exits: *Fac / Sto / *Low x2) -7/Lower Caves -7/Lower Caves -7/Zion -6/Proximity Caves -6/Factory (discovered 3 exits: *Fac / *Low / *Ext) -6/Extension (discovered 3 exits: *Fac x2 / *Cet) -6/Cetus (discovered 2 exits: *Fac / *Arc) -6/Archives (discovered 2 exits: *Fac / *Hub) -6/Hub_04(d) (discovered 4 exits: *Fac x4) -5/Factory -5/Upper Caves -5/Upper Caves (discovered 2 exits: *Fac / *Zhi) -5/Zhirov -4/Proximity Caves -4/Factory (discovered 2 exits: *Res / *Arm) -4/Armory (discovered 3 exits: Res x2 / *Lab) -4/Lab -3/Research -3/Testing -2/Research History --------- Turn | Location | Event 16 | -11/Scrapyard | Discovered new exit (range 15) 68 | -11/Scrapyard | Entered Materials 94 | -10/Materials | Identified exit to Mines 303 | -10/Materials | Build established: Mutant 336 | -10/Materials | Discovered new exit (range 9) 427 | -10/Materials | Lost 3 parts (1p2w) 487 | -10/Materials | Lost 3 parts (1p1n1u) 604 | -10/Materials | Entered Mines 604 | -10/Mines | Accompanied by 1 ally 650 | -10/Mines | Discovered new exit (range 13) 666 | -10/Mines | Entered Materials 666 | -9/Materials | Accompanied by 1 ally 666 | -9/Materials | Evolved 2 slots: Propulsion x1, Utility x1 739 | -9/Materials | Build established: Scavenger-Mutant 832 | -9/Materials | Discovered new exit (range 20) 897 | -9/Materials | Entered Mines 897 | -9/Mines | Accompanied by 2 allies 920 | -9/Mines | Found a hidden stash of uninstalled traps 940 | -9/Mines | YI-UF0 nonchalantly dropped a Grenade Launcher on the ground 990 | -9/Mines | Destroyed YI-UF0 1012 | -9/Mines | Lost 3 parts (1p1u1w) 1032 | -9/Mines | Core integrity fell below 50% 1033 | -9/Mines | Discovered new exit (range 14) 1072 | -9/Mines | Deemed a non-threat by the Exiles lab entrance 1072 | -9/Mines | Discovered new exit (range 5) 1076 | -9/Mines | Entered Exiles 1076 | -9/Exiles | Found Exiles lab abandoned 1296 | -9/Exiles | Discovered new exit (range 10) 1304 | -9/Exiles | Entered Mines 1747 | -8/Mines | Discovered new exit (range 8) 1754 | -8/Mines | Entered Materials 1754 | -8/Materials | Evolved 2 slots: Utility x1, Weapon x1 2372 | -8/Materials | Garrison activated, responded to threat 2471 | -8/Materials | Build established: Skirmisher 2554 | -8/Materials | First assault squad dispatched 2731 | -8/Materials | Discovered new exit (range 20) 2769 | -8/Materials | Entered Factory 2769 | -7/Factory | Evolved 2 slots: Propulsion x1, Utility x1 2815 | -7/Factory | Build established: Scavenger-Skirmisher 3352 | -7/Factory | Lost 3 parts (2n1u) 3410 | -7/Factory | Identified exit to Storage 3410 | -7/Factory | Identified exit to Lower Caves 3676 | -7/Factory | Discovered new exit (range 6) 3868 | -7/Factory | Entered Lower Caves 3989 | -7/Lower Caves | Lost 3 parts (2n1w) 4053 | -7/Lower Caves | Spotted B-75 Beast 4304 | -7/Lower Caves | Learned Factory non-interactive machine intel 4343 | -7/Lower Caves | Encountered a Warlord checkpoint 4528 | -7/Lower Caves | Discovered new exit (range 9) 4558 | -7/Lower Caves | Identified exit to Lower Caves 4561 | -7/Lower Caves | Entered another Lower Caves area 4886 | -7/Lower Caves | Learned Factory interactive machine intel 4972 | -7/Lower Caves | Discovered new exit (range 13) 5008 | -7/Lower Caves | Found Alien Artifact 5008 | -7/Lower Caves | Identified Core Expander 5008 | -7/Lower Caves | Installed Core Expander, added new Weapon slot 5020 | -7/Lower Caves | Identified exit to Zion 5021 | -7/Lower Caves | Entered Zion 5069 | -7/Zion | System corruption cleaned by Quarantine Array 5084 | -7/Zion | Learned location of Quarantine (-2) 5303 | -7/Zion | Build established: Scavenger-Assassin 5508 | -7/Zion | Learned Factory emergency access door positions 5746 | -7/Zion | Given the Hacking Drone Bay 5872 | -7/Zion | Visited the Megawrench Repair Shop 5872 | -7/Zion | Megawrench repaired 13 parts 6049 | -7/Zion | Imprinted 6052 | -7/Zion | Declared Zion's savior 6161 | -7/Zion | Build established: Scavenger-Mutant 6366 | -7/Zion | Discovered new exit (range 20) 6399 | -7/Zion | Identified exit to Proximity Caves 6403 | -7/Zion | Entered Proximity Caves 6403 | -6/Proximity Caves | Accompanied by 4 allies 6577 | -6/Proximity Caves | Spotted B-75 Beast 6700 | -6/Proximity Caves | Build established: Scavenger-Skirmisher 6845 | -6/Proximity Caves | Attracted the attention of an 0b10 base 7037 | -6/Proximity Caves | Discovered new exit (range 7) 7047 | -6/Proximity Caves | Identified exit to Factory 7048 | -6/Proximity Caves | Entered Factory 7048 | -6/Factory | Accompanied by 2 allies 7048 | -6/Factory | Evolved 2 slots: Utility x2 7050 | -6/Factory | Loaded intel: 228 non-interactive machine locations 7051 | -6/Factory | Loaded intel: 54 interactive machine locations 7307 | -6/Factory | Discovered new exit (range 7) 7320 | -6/Factory | Identified exit to Lower Caves 7358 | -6/Factory | Retrieved Zion intel report: Emergency Access 7359 | -6/Factory | Zion Hacker squad teleported in 7361 | -6/Factory | Spotted B-75 Beast 7468 | -6/Factory | Garrison activated, responded to threat 7493 | -6/Factory | Allies destroyed B-75 Beast 7633 | -6/Factory | Discovered new exit (range 13) 7915 | -6/Factory | Retrieved Zion intel report: Unaware Analyses 7949 | -6/Factory | Retrieved Zion intel report: Depthwide Sectors/0 7978 | -6/Factory | Discovered new exit (range 15) 8096 | -6/Factory | Identified exit to Extension 8100 | -6/Factory | Entered Extension 8246 | -6/Extension | Destroyed 9 combat bots 8388 | -6/Extension | Retrieved Zion intel report: Trap Installations 8504 | -6/Extension | Build established: Skirmisher 8851 | -6/Extension | Spotted B-75 Beast 8883 | -6/Extension | Allies destroyed B-75 Beast 8892 | -6/Extension | Spotted B-75 Beast 8912 | -6/Extension | Allies destroyed B-75 Beast 8935 | -6/Extension | Discovered new exit (range 8) 9041 | -6/Extension | Retrieved Zion intel report: Active Terminals 9102 | -6/Extension | Rescued a captive Derelict 9162 | -6/Extension | Rescued a captive Derelict 9164 | -6/Extension | Rescued a captive Derelict 9350 | -6/Extension | Disrupted transfer network 9366 | -6/Extension | Zion Light squad teleported in 9397 | -6/Extension | Rescued A7 9453 | -6/Extension | Discovered new exit (range 10) 9454 | -6/Extension | Discovered new exit (range 6) 9478 | -6/Extension | Identified exit to Factory 9487 | -6/Extension | Identified exit to Cetus 9495 | -6/Extension | Entered Cetus 9495 | -6/Cetus | Accompanied by 10 allies (A7) 9500 | -6/Cetus | Acquired a Cetus Manufacturing Module code from A7 9511 | -6/Cetus | Spotted Cetus Guard 9512 | -6/Cetus | Spotted Cetus Guard 9513 | -6/Cetus | Spotted Cetus Guard 9515 | -6/Cetus | Spotted Cetus Guard 9523 | -6/Cetus | Allies destroyed Cetus Guard 9528 | -6/Cetus | Destroyed Cetus Guard 9530 | -6/Cetus | Allies destroyed Cetus Guard 9533 | -6/Cetus | Destroyed Cetus Guard 9667 | -6/Cetus | Started Cetus Manufacturing Module 9688 | -6/Cetus | Escorted A7 to Cetus Mainframe 9692 | -6/Cetus | Manufactured an Enhanced Grunt 9706 | -6/Cetus | Discovered new exit (range 22) 9717 | -6/Cetus | Manufactured an Enhanced Grunt 9741 | -6/Cetus | Spotted Cetus Guard 9742 | -6/Cetus | Manufactured an Enhanced Grunt 9742 | -6/Cetus | Spotted Cetus Guard 9746 | -6/Cetus | Spotted Cetus Guard 9750 | -6/Cetus | Discovered exit to Factory (range 22) 9753 | -6/Cetus | Spotted Cetus Guard 9756 | -6/Cetus | Allies destroyed Cetus Guard 9766 | -6/Cetus | Allies destroyed Cetus Guard 9767 | -6/Cetus | Manufactured an Enhanced Grunt 9780 | -6/Cetus | Allies destroyed Cetus Guard 9792 | -6/Cetus | Manufactured an Enhanced Grunt 9798 | -6/Cetus | Destroyed Cetus Guard 9822 | -6/Cetus | Extracted ID and sensor layout for unrecognized location from A7's data core 9834 | -6/Cetus | Scared off Revision 17 9917 | -6/Cetus | Identified exit to Archives 9919 | -6/Cetus | Entered Archives 9919 | -6/Archives | Accompanied by 3 allies 9991 | -6/Archives | Discovered exit to Factory (range 14) 10012 | -6/Archives | Discovered new exit (range 13) 10037 | -6/Archives | Identified exit to Hub_04(d) 10038 | -6/Archives | Entered Hub_04(d) 10038 | -6/Hub_04(d) | Accompanied by 3 allies 10103 | -6/Hub_04(d) | Garrison activated, responded to threat 10154 | -6/Hub_04(d) | Build established: Scavenger-Skirmisher 10169 | -6/Hub_04(d) | Discovered exit to Factory (range 19) 10328 | -6/Hub_04(d) | Retrieved Zion intel report: Main Access 10388 | -6/Hub_04(d) | First assault squad dispatched 10436 | -6/Hub_04(d) | Retrieved Zion intel report: Active Garrisons 10448 | -6/Hub_04(d) | Network Hub disabled 10465 | -6/Hub_04(d) | System corruption reached 10% 10469 | -6/Hub_04(d) | Disrupted transfer network 10472 | -6/Hub_04(d) | System corruption reached 30% 10477 | -6/Hub_04(d) | Entered Factory 10477 | -5/Factory | Accompanied by 1 ally 10477 | -5/Factory | Evolved 2 slots: Utility x1, Weapon x1 10478 | -5/Factory | Identified exit to Upper Caves 10645 | -5/Factory | Noticed a derelict Sapper rigging charges 11005 | -5/Factory | Entered Upper Caves 11374 | -5/Upper Caves | Discovered new exit (range 16) 11396 | -5/Upper Caves | Identified exit to Upper Caves 11401 | -5/Upper Caves | Entered another Upper Caves area 11410 | -5/Upper Caves | Discovered new exit (range 7) 11419 | -5/Upper Caves | Identified exit to Factory 11752 | -5/Upper Caves | Acquired the password to a Derelict Tinkerer's latest research 11823 | -5/Upper Caves | Attacked by a delusional Derelict stockpiling parts 11904 | -5/Upper Caves | Learned location of Armory (-4) 11904 | -5/Upper Caves | Discovered new exit (range 5) 11909 | -5/Upper Caves | Identified exit to Zhirov 11912 | -5/Upper Caves | Entered Zhirov 11912 | -5/Zhirov | Discovered new exit (range 3) 11916 | -5/Zhirov | Identified exit to Proximity Caves 11941 | -5/Zhirov | Met Zhirov 11977 | -5/Zhirov | Found Alien Artifact 11977 | -5/Zhirov | Identified Integrated Reactor 11977 | -5/Zhirov | Installed Integrated Reactor, increased core energy generation (+10) 12041 | -5/Zhirov | Found Alien Artifact 12041 | -5/Zhirov | Identified Transdimensional Reconstructor 12041 | -5/Zhirov | Warped through subspace 12116 | -5/Zhirov | Learned location of Testing (-3) 12116 | -5/Zhirov | Learned location of Command (-1) 12124 | -5/Zhirov | Zhirov requested help retrieving the SGEMP Prototype 12167 | -5/Zhirov | Entered Proximity Caves 12230 | -4/Proximity Caves | Found Alien Artifact 12230 | -4/Proximity Caves | Identified Dimensional Node Initializer 12230 | -4/Proximity Caves | Initialized slip node 12743 | -4/Proximity Caves | Discovered exit to Factory (range 13) 12787 | -4/Proximity Caves | Entered Factory 12787 | -4/Factory | Evolved 2 slots: Utility x1, Weapon x1 12809 | -4/Factory | Found Prototype Processor 12810 | -4/Factory | Identified Exp. Targeting Computer 12914 | -4/Factory | Retrieved Zion intel report: Emergency Access 12956 | -4/Factory | Discovered new exit (range 21) 12988 | -4/Factory | Identified exit to Research 13058 | -4/Factory | Retrieved Zion intel report: Component Stockpiles 13059 | -4/Factory | Zion Infowar Resupply teleported in 13084 | -4/Factory | Build established: Scavenger-Assassin 13255 | -4/Factory | Retrieved Zion intel report: Unaware Analyses 13400 | -4/Factory | Discovered new exit (range 14) 13523 | -4/Factory | Lost 8 parts (1p2n2u3w) 13551 | -4/Factory | Identified exit to Armory 13703 | -4/Factory | Entered Armory 13787 | -4/Armory | Retrieved Zion intel report: Component Stockpiles 14389 | -4/Armory | Discovered exit to Research (range 17) 14574 | -4/Armory | Retrieved Zion intel report: Guard Positions 14666 | -4/Armory | Retrieved Zion intel report: Unaware Analyses 14779 | -4/Armory | Build established: Scavenger-Executioner 14896 | -4/Armory | Retrieved Zion intel report: Trap Installations 14897 | -4/Armory | Zion Light squad teleported in 14988 | -4/Armory | Terminal network hard line cut 15057 | -4/Armory | Discovered exit to Research (range 13) 15123 | -4/Armory | Discovered new exit (range 3) 15132 | -4/Armory | Identified exit to Lab 15134 | -4/Armory | Entered Lab 15136 | -4/Lab | Discovered exit to Research (range 9) 15154 | -4/Lab | Hidden lab's door opened automatically 15154 | -4/Lab | Sensor layout match revealed 15155 | -4/Lab | Gained access to the hidden lab's interior 15202 | -4/Lab | Found Prototype Special Weapon 15202 | -4/Lab | Identified Gui. Remote Datajack 15226 | -4/Lab | Unable to decrypt terminal 15300 | -4/Lab | Found Integrated Reactor 15300 | -4/Lab | Installed Integrated Reactor, increased core energy generation (+10) 15346 | -4/Lab | Entered Research 15346 | -3/Research | Evolved 2 slots: Utility x2 15573 | -3/Research | Retrieved Zion intel report: Guard Positions 15621 | -3/Research | Build established: Scavenger-Assassin 16122 | -3/Research | Retrieved Zion intel report: Prototype Schematics 16265 | -3/Research | Found Prototype Processor 16265 | -3/Research | Identified Spectral Analyzer 16276 | -3/Research | Retrieved Zion intel report: Depthwide Sectors/0 16428 | -3/Research | Retrieved Zion intel report: Unaware Schematics 16540 | -3/Research | Discovered new exit (range 23) 16616 | -3/Research | Identified exit to Testing 16652 | -3/Research | Entered Testing 16877 | -3/Testing | Repaired Hcp. Storage Unit 16887 | -3/Testing | Found Quantum Capacitor 16899 | -3/Testing | Found Quantum Capacitor 16983 | -3/Testing | Allied Derelicts emerged from ambush trap array 17186 | -3/Testing | Spotted Striker 17186 | -3/Testing | Spotted Striker 17241 | -3/Testing | Destroyed Striker 17247 | -3/Testing | Destroyed Striker 17276 | -3/Testing | Spotted Alpha 7 17302 | -3/Testing | Destroyed Alpha 7 17352 | -3/Testing | Found Prototype Processor 17352 | -3/Testing | Identified Exp. Target Analyzer 17356 | -3/Testing | Found Prototype Processor 17356 | -3/Testing | Identified Exp. Targeting Computer 17375 | -3/Testing | System corruption reached 10% 17402 | -3/Testing | First assault squad dispatched 17402 | -3/Testing | Stole the SGEMP Prototype 17409 | -3/Testing | Found Prototype Ballistic Gun 17409 | -3/Testing | Identified Multirail 17420 | -3/Testing | Found Prototype Device 17420 | -3/Testing | Identified Exp. ECM Suite 17598 | -3/Testing | Retrieved Zion intel report: Emergency Access 17624 | -3/Testing | Retrieved Zion intel report: Unaware Analyses 17626 | -3/Testing | Found Prototype Device 17626 | -3/Testing | Identified Exp. Shield Generator 17676 | -3/Testing | Retrieved Zion intel report: Branch Access 17685 | -3/Testing | Retrieved Zion intel report: Prototype Schematics 17737 | -3/Testing | Found Prototype Device 17737 | -3/Testing | Identified AEGIS Remote Shield 17926 | -3/Testing | Discovered new exit (range 18) 17934 | -3/Testing | Terminal network hard line cut 17935 | -3/Testing | Spotted PY-IHMZHTA4SO 17978 | -3/Testing | Rewired PY-IHMZHTA4SO 18013 | -3/Testing | Found Prototype Energy Gun 18013 | -3/Testing | Identified Hyp. EM Gauss Rifle 18046 | -3/Testing | Identified exit to Research 18047 | -3/Testing | Entered Research 18047 | -2/Research | Accompanied by 1 ally 18047 | -2/Research | Evolved 2 slots: Power x1, Utility x1 18098 | -2/Research | Build established: Scavenger-Executioner 18322 | -2/Research | First assault squad dispatched 18439 | -2/Research | System corruption reached 10% 18920 | -2/Research | Lost 3 parts (2u1w) 18922 | -2/Research | Destroyed 7 combat bots 19365 | -2/Research | High security lockdown imminent 19413 | -2/Research | Destroyed 7 combat bots 19445 | -2/Research | High security lockdown engaged 19446 | -2/Research | Found Prototype Device 19446 | -2/Research | Identified Thermal Barrier 19528 | -2/Research | Spotted Executioner 19535 | -2/Research | System corruption reached 30% 19536 | -2/Research | Destroyed Executioner 19591 | -2/Research | Lost 6 parts (1p3u2w) 19607 | -2/Research | Found Prototype Processor 19607 | -2/Research | Identified Exp. Core Analyzer 19639 | -2/Research | Spotted Investigator 19640 | -2/Research | Scanned by Researcher 19673 | -2/Research | Destroyed Investigator 19714 | -2/Research | Destroyed 18 combat bots 19717 | -2/Research | Found Exp. Core Analyzer 19845 | -2/Research | Spotted Investigator 19874 | -2/Research | Spotted Striker 19918 | -2/Research | Core integrity fell below 50% 19933 | -2/Research | Released all parts (6) 19937 | -2/Research | Core integrity fell below 20% 19946 | -2/Research | Destroyed by G-73 Enforcer with Heavy Laser Last Messages --------------- 19935_ Investigator is analyzing... 19935_ Stasis bubble strength at 182. 19936_ Stasis bubble strength at 176. 19937_ Stasis bubble strength at 170. 19938_ M-36 Artificer repairs G-73 Enforcer. 19938_ P-80 Master resets G-73 Enforcer, system corruption cleaned. 19938_ Stasis bubble strength at 164. 19939_ Stasis bubble strength at 158. 19940_ M-36 Artificer fits Unknown Hover Unit on G-73 Enforcer. 19940_ Stasis bubble strength at 152. 19941_ Stasis bubble strength at 146. 19942_ M-36 Artificer repairs G-73 Enforcer. 19942_ Stasis bubble strength at 140. 19943_ S-43 Plague destroyed. 19943_ Investigator stasis bubble strength at 56. 19943_ Stasis bubble strength at 134. 19944_ Held in stasis. 19944_ Investigator is analyzing... 19944_ Stasis bubble strength at 128. 19945_ Stasis bubble strength at 122. Map ----- +----------------------------------------------------+ | ?????????????????????????????????????????????????? | | ?????????????????????????????????????????????????? | | ?????????????????????????????????????????????????? | | ?????????????????????????#????????????????????# ? | | ??????????????????????##??????????????#??#??#?##?# | | ??????????????????????? ???? ?????????? ??####?# | | ?????????????????????????????????? ???? ??#### ?"" | | ?????????????????????????????? ?? ?? ? ? ????? "? | | ?????????????#?????????????#? ????? #??# "" | | ????????????????????????????? ????? ? ? ??##? | | ????????????????????????????? ?#?? ? ???#?#??? ? | | ???????#??????#????????????#? + ?? ??###?? | | ?????????????????????? ?????? # ??? ? ? ? | | ???????????????????????######+#+#####???####?? | | ????????????#??????????# #?#?#?##?##"" | | ??????? ???????????????# ! #####??##??"?? | | ???????????????#????##?#=!""" """ #?#????#??? ?? | | ????????????????????# ##*=""" "Y" ####??####??## | | ?????????????#???????# #!%"["= " " ##??#?###?##?# | | ?????????????????????##=!*=g%=%[ ##?########??? | | ????????????? ????? ?#"*=*=p!m!=!* ###?#######?## | | ???????????????????????#%/=g[!!*%=! ####?###?##### | | ???????????????????????#p!=K!=%=*%! ######### #?## | | ?????????#??? ????? ?###[==*g!%[%[! ##?######?#### | | ????????????????#??? ###!!!!g!*!c[[%###?##?####|*= | | ??????????????????? ?###/@[%g%[%!!%%#####???###=!! | | ?????????????? ??????#?#######|%#![#"#########/%!! | | ?????????????????????#?##?##?###### # =%"%="=! | | ????????#??????????? ??#?###?##?#?### %####==/ | | ??????????????????? ???#??#########?# !####%[= | | ???????????????????? ? ?#?########### ####### | | ?????#??#???????? ?????#?####?####### ##### ? | | ??????????#??????? ???#??######### #####?# | | ??????????? ???????? ??????###########+########### | | ???????#???????? ??#??#??#?#########!! | | ??????????? ??????#???##?###########!! ! ^ | | ??????????????????## ==%! ! | | ????????????????#??# ###?###########=!= ######### | | ??????????#?????###? ####### #= ######### | | ???????????#?? ?##???? ?#### ###+########### | | ????????#????# ### ? ?# ## | | ????????????? ? ? # ## | | ??#??##?#??#######? # !!! ## | | ?##?#?########### ? ##### ? # !! ## | | ? ##########??##?### ####### ? # ! #? | | ?#?################?###?######+############"##### | | ?#?##?########?#### #?#### ###### | | #####?##? ####+###### ###### | | # ? ??# #### # ###### | | ?? ## #### # ###### | +----------------------------------------------------+ Best States ------------- Heat Dissipation 106 Energy Generation 69 Energy Capacity 950 Matter Stores 800 Matter Capacity 800 Sight Range 24 Robot Scan Range 19 Terrain Scan Range 24 Terrain Scan Density 135 Jamming Range 14 Armor Coverage 600 Resistance: KI 30 Resistance: TH 50 Utility Shielding 66 Weapon Shielding 66 Weapon Cycling 15 Evasion (%) 50 Targeting Accuracy 12 Target Analysis 10 Core Analysis 12 Armor Integrity Analysis 40 Recoil Reduction 4 Matter Filtering 50 Kinecelleration 30 Salvage Targeting 4 Defensive Hacking 10 Item Schematics ----------------- Mak. Flight Unit | -7/Zion | Archive Enh. Optical Array | -7/Zion | Archive Ripper | -7/Zion | Archive Focal Shield | -7/Zion | Archive Mak. Laser | -7/Zion | Archive System Guard | -7/Zion | Archive Component Analysis Suite | -7/Zion | Archive Mak. Trap Scanner | -7/Zion | Archive Imp. Melee Analysis Suite | -7/Zion | Archive Drone Bay | -7/Zion | Archive Proton Cannon | -7/Zion | Archive Mak. Spear | -7/Zion | Archive Imp. Carbon-fiber Leg | -7/Zion | Archive Thermic Laser | -7/Zion | Archive Assault Drone Bay | -5/Zhirov | Free Exp. Heat Sink | -5/Zhirov | Free Exp. Optical Array | -5/Zhirov | Free Imp. Arc Thrower | -5/Zhirov | Free Helical Railgun | -3/Research | Z-intel Imp. Diametric Drive | -3/Research | Z-intel Plasma Sword | -3/Research | Z-intel Exp. System Shield | -3/Research | Z-intel Exp. Thermal Generator | -3/Research | Z-intel Adv. EM Disruption Field | -3/Research | Z-intel Proton Burst Cannon | -3/Research | Z-intel Exp. Matter Compressor | -3/Research | Z-intel Adv. Variable Charge Gun | -3/Research | Z-intel Cld. Gravmag System | -3/Testing | Z-intel Exp. Hacking Suite | -3/Testing | Z-intel Spectral Analyzer | -3/Testing | Z-intel Lgt. Antimatter Cannon | -3/Testing | Z-intel Molecular Scythe | -3/Testing | Z-intel Com. Mass Driver | -3/Testing | Z-intel Com. Tesla Bomb Launcher | -3/Testing | Z-intel Quantum Shading Machine | -3/Testing | Z-intel Adv. Plasma Rifle | -3/Testing | Z-intel Thermal Defense Suite | -3/Testing | Archive Com. Particle Reactor | -3/Testing | Archive Gravity Flail | -3/Testing | Archive Robot Schematics ------------------ B-36 Bruiser | -7/Zion | Archive Y-45 Defender | -7/Zion | Archive T-07 Excavator | -7/Zion | Archive B-60 Warrior | -3/Research | Z-intel C-55 Analyst | -3/Research | Z-intel B-74 Champion | -3/Research | Z-intel G-67 Veteran | -3/Research | Z-intel A-15 Conveyor | -3/Research | Z-intel R-10 Processor | -3/Testing | Archive Fabricated ------------ Nothing Alien Tech Used ----------------- Core Expander Integrated Reactor Transdimensional Reconstructor Dimensional Node Initializer Achievements -------------- Decoder Ring Challenges ------------ None Game ------ Seed ImprinterColdTreads Manual? 0 Play Time 05:43:54 Cumulative 793.0 hours Start 2022.12.03 @ 22:02:41 End 2022.12.04 @ 19:21:35 Sessions 17 Manual Loads 0 Difficulty Rogue Special Mode None Game No. 415 Rogue 288 Adventurer 125 Explorer 2 Win Type - Total 94 Types 78/7/5/1/1/0/0/1/1 Lore% 82 Gallery% 89 Achievement% 79 Wizard Run 0 Options --------- ASCII 0 Keyboard 1 Movement Numpad Keybinds 0 Fullscreen 1 Font 36/TerminusFine Map View 76x50 Tactical HUD 1 Map Filters NONE Filters NONE Steam 1 RUN: 44d6e8fe-0c6f-414a-b1f3-7e70b2a6d234